 Seeded DCSS version 0.30.1-11-g7821555f0a (webtiles) character file.

Game seed: 6245884229887761738 (custom seed)

155 Psyclone the Conjurer (level 5, 28/28 HPs)
             Began as a Deep Elf Conjurer on Nov 10, 2023.
             Was an Initiate of Gozag.
             Quit the game on level 5 of the Dungeon.
             The game lasted 00:01:07 (715 turns).

Psyclone the Conjurer (Deep Elf Conjurer)            Turns: 715, Time: 00:01:07

Health: 28/28      AC:  6    Str:  8    XL:     5   Next: 14%
Magic:  8/11       EV: 12    Int: 27    God:    Gozag
Gold:   136        SH:  0    Dex: 12    Spells: 5/10 levels left

rFire   . . .        (no weapon)
rCold   . . .        (no shield)
rNeg    . . .        a - +0 robe
rPois   .            e - +2 helmet {Int+3}
rElec   .            (no cloak)
rCorr   .            (no gloves)
SInv    .            (no boots)
Will    .....        c - amulet of magic regeneration
Stlth   ++           (no ring)
HPRegen 0.24/turn    (no ring)
MPRegen 0.52/turn

%: clarity
@: gold aura
A: clarity, shaggy fur 1, strong 1, evolution 1
a: Renounce Religion, Potion Petition, Call Merchant, Bribe Branch


You were on level 5 of the Dungeon.
You worshipped Gozag.
Gozag was aware of your devotion.
You visited 1 branch of the dungeon, and saw 5 of its levels.
You also visited: Sewer.

You collected 136 gold pieces.

Inventory:

Armour
 a - a +0 robe (worn)
 e - a +2 helmet of intelligence (worn)
Jewellery
 c - an amulet of magic regeneration (around neck)
 o - the ring of Zexyulol {Contam rPois Str+5 Int+6}
   (You acquired it on level 5 of the Dungeon)

   [ring of intelligence]

   Str:       It affects your strength (+5).
   Int:       It affects your intelligence (+6).
   rPois:     It protects you from poison.
   Contam:    It causes magical contamination when unequipped.
Wands
 n - a wand of light (11)
Scrolls
 f - 2 scrolls of teleportation
 g - a scroll of blinking {unknown}
 h - a scroll of fog {unknown}
 i - 4 scrolls of identify {unknown}
 j - a scroll of silence {unknown}
 l - a scroll of amnesia {unknown}
Potions
 b - a potion of magic
 d - 2 potions of mutation
 k - a potion of curing {unknown}
 m - 2 potions of degeneration {unknown}


   Skills:
 - Level 2.4 Dodging
 - Level 2.4 Stealth
 - Level 3.0 Spellcasting
 + Level 7.1 Conjurations


You had 5 spell levels left.
You knew the following spells:

 Your Spells              Type           Power      Damage    Failure   Level
a - Magic Dart            Conj           100%       1d8       1%          1
b - Searing Ray           Conj           84%        2d7       1%          2
c - Passwall              Tmut/Erth      3%         N/A       13%         2

Your spell library contained the following spells:

 Spells                   Type           Power      Damage    Failure   Level
 Dazzling Flash           Conj/Hex       46%        N/A       6%          3
 Stone Arrow              Conj/Erth      46%        3d9       6%          3
 Sandblast                Erth           8%         2d5       9%          1
 Fulminant Prism          Conj/Hex       11%        3d8       21%         4
 Iskenderun's Mystic Bla  Conj/Tloc      23%        2d6       21%         4


Dungeon Overview and Level Annotations

Branches:
Dungeon (5/15) Zot: 26916   Sewer (visited)
 Temple: D:4-7

Altars:
Gozag


Innate Abilities, Weirdness & Mutations

You possess an exceptional clarity of mind.
You are covered in fur. (AC +1)
Your muscles are strong. (Str +4, Int/Dex -1)
You have hidden genetic potential.


Message History

Aiming: Searing Ray (safe; 1% risk of failure)
Press: ? - help, Shift-Dir - straight line, f/p - ice beast
Aim: an ice beast (moderately wounded, 81% to hit)
The searing ray hits the ice beast.
The ice beast is heavily wounded. (Press . to maintain the ray.)
You now have 6/9 mp.
The searing ray hits the ice beast!
The ice beast is severely wounded.
The ice beast barely misses you.
The searing ray hits the ice beast.
The ice beast is severely wounded.
The ice beast hits you but does no damage.
You now have 5/9 mp.
The searing ray hits the ice beast.
The ice beast is almost dead.
You finish channelling your searing ray.
The ice beast closely misses you.
Casting: Searing Ray (safe; 1% risk of failure)
Confirm with . or Enter, or press ? or * to list all spells.
Aiming: Searing Ray (safe; 1% risk of failure)
Press: ? - help, Shift-Dir - straight line, f/p - ice beast
Aim: an ice beast (almost dead, 81% to hit)
The searing ray hits the ice beast but does no damage.
The ice beast is almost dead. (Press . to maintain the ray.)
The ice beast barely misses you.
You now have 3/9 mp.
The searing ray hits the ice beast.
You kill the ice beast!
Your Conjurations skill increases to level 7!
You have reached level 4!
You feel clever.
You have reached level 5!
Health restored: 28 You now have 136 gold pieces (gained 14).
o - a scroll labelled NANWAHIRGHU This is a scroll of acquirement!
Something appears at your feet!
o - the ring of Zexyulol {Contam rPois Str+5 Int+6} Unknown command.
Unknown command.
Are you sure you want to abandon this character and quit the game? (Confirm with "yes".)

......## #......#
#.....## #......##
#.......### .#
#.........## ..#
#....).....## ...##
#........@..#
#...##............#
#...#................
##.............##.....
#......##......# ##..#
##......###.....# .#
##......## ##....# #
#......## #.....#
.......# #....#


There were no monsters in sight!

Vanquished Creatures
  An ice beast (D:5)
  A hell rat (Sewer)
  A river rat (Sewer)
  An ufetubus (D:5)
  An orc (D:4)
  3 bats
  4 endoplasms
  7 quokkas
  4 ball pythons
  A kobold (D:1)
  4 rats
28 creatures vanquished.

Notes
Turn   | Place    | Note
-------+----------+-------------------------------------------
     0 | D:1      | Psyclone the Deep Elf Conjurer began the quest for the Orb.
     0 | D:1      | Reached XP level 1. HP: 10/10 MP: 6/6
    76 | D:1      | Found a faded altar of an unknown god.
    98 | D:1      | Prayed at the altar of an unknown god.
    98 | D:1      | Became a worshipper of Gozag Ym Sagoz the Greedy
   103 | D:1      | Reached XP level 2. HP: 15/15 MP: 6/8
   153 | D:2      | Learned a level 2 spell: Searing Ray
   183 | D:2      | Learned a level 2 spell: Passwall
   210 | D:2      | Reached skill level 5 in Conjurations
   377 | D:3      | Found a glowing drain.
   400 | Sewer    | Entered a sewer
   448 | Sewer    | Reached XP level 3. HP: 19/19 MP: 3/9
   532 | Sewer    | Reached skill level 6 in Conjurations
   574 | Sewer    | Gained mutation: You possess an exceptional clarity of
                  | mind. [potion of mutation]
   574 | Sewer    | Gained mutation: You are robust. (+10% HP) [potion of
                  | mutation]
   574 | Sewer    | Gained mutation: Your flesh is heat resistant. (rF+)
                  | [potion of mutation]
   575 | Sewer    | Lost mutation: You are robust. (+10% HP) [potion of
                  | mutation]
   575 | Sewer    | Lost mutation: Your flesh is heat resistant. (rF+) [potion
                  | of mutation]
   575 | Sewer    | Gained mutation: You are covered in fur. (AC +1) [potion of
                  | mutation]
   575 | Sewer    | Gained mutation: You have hidden genetic potential. [potion
                  | of mutation]
   575 | Sewer    | Gained mutation: Your muscles are strong. (Str +4, Int/Dex
                  | -1) [potion of mutation]
   631 | D:5      | Entered Level 5 of the Dungeon
   690 | D:5      | Noticed an ice beast
   703 | D:5      | Killed an ice beast
   704 | D:5      | Reached skill level 7 in Conjurations
   704 | D:5      | Reached XP level 4. HP: 24/24 MP: 3/10
   704 | D:5      | Reached XP level 5. HP: 28/28 MP: 3/11
   713 | D:5      | Identified a scroll of acquirement
   713 | D:5      | Acquired the ring of Zexyulol {Contam rPois Str+5 Int+6}
   715 | D:5      | Quit the game

Illustrated notes

Levels and vault maps discovered:
D:1:      dpeg_arrival_arbitrary_a, layout_rooms,
          shapermc_ecumenical_altar_mp_highgroup, hangedman_abyss_or_decor_stabs
D:2:      layout_loops_cross, uniq_natasha
D:3:      layout_basic, nicolae_hepliaklqana_hazy_memory,
          nicolae_elyvilon_temple_path, mainiacjoe_overflow_small_starburst,
          gup_sewer_entry_pipe, dreamdust_princess_bridge, st_stairs_12,
          uniq_terence
D:4:      layout_basic, temple_pool_b, grunt_ministairs_10, uniq_ijyb
D:5:      layout_layer_cave, uniq_prince_ribbit1

Skill      XL: |  1  2  3 |
---------------+----------+-----
Conjurations   | 5 7 |  7.1
Dodging        | |  2.4
Stealth        | |  2.4
Spellcasting   | |  3.0

Action                     |  1- 3 |  4- 6 || total
---------------------------+-------+-------++-------
  Melee: Unarmed           |     1 |       ||     1
   Cast: Magic Dart        |    32 |       ||    32
         Passwall          |     5 |       ||     5
         Searing Ray       |     5 |       ||     5
    Use: Scroll            |     2 |     1 ||     3
         Potion            |     2 |       ||     2
 Armour: Robe              |     2 |       ||     2
  Dodge: Dodged            |     5 |       ||     5
